 Dungeon Crawl Stone Soup version 0.20.1-1-g8b1a95d (webtiles) character file.

165 Mesmaeker13 the Slasher (level 5, 0/47 HPs)
             Began as a Hill Orc Monk on Dec 29, 2017.
             Slain by a crimson imp
             ... wielding a +1 dagger of chaos
              (2 damage)
             ... on level 3 of the Dungeon.
             The game lasted 00:06:37 (4163 turns).

Mesmaeker13 the Slasher (Hill Orc Monk)             Turns: 4163, Time: 00:06:38

Health: 0/47       AC:  5    Str: 13 (15) XL:     5   Next: 46%
Magic:  4/5        EV: 10    Int:  8 (10) God:
Gold:   98         SH:  4    Dex: 10 (13) Spells: 4/4 levels left

rFire    . . .     SeeInvis .   a - +0 falchion
rCold    . . .     Gourm    .   e - +0 buckler
rNeg     . . .     Faith    .   h - +0 ring mail (curse)
rPois    .         Spirit   .   (no helmet)
rElec    .         Reflect  .   (no cloak)
rCorr    .         Harm     .   (no gloves)
MR       .....                  (no boots)
Stlth    +.........             (no amulet)
Regen    0.2/turn               (no ring)
MPRegen  0.1/turn               (no ring)

@: lethally poisoned (0 -> -3), hasted, drained, very quick
A: no striking features
a: no special abilities


You were on level 3 of the Dungeon.
You were hungry.

You visited 1 branch of the dungeon, and saw 3 of its levels.

You collected 98 gold pieces.

Inventory:

Hand Weapons
 a - a +0 falchion (weapon)
Armour
 b - a +0 robe
 e - a +0 buckler (worn)
 h - a cursed +0 ring mail (worn)
Scrolls
 g - 2 scrolls of magic mapping
 j - a scroll of enchant weapon
Comestibles
 c - 3 bread rations
 d - a meat ration
 i - 2 royal jellies
 k - 4 chunks of flesh


   Skills:
 + Level 4.7(4.5) Fighting
 + Level 4.8(4.6) Long Blades
 + Level 0.9(0.7) Armour
 - Level 2.6(2.4) Dodging
 - Level 1.5(1.3) Stealth
 * Level 2.4(2.2) Shields


You had 4 spell levels left.
You didn't know any spells.

Dungeon Overview and Level Annotations

Branches:
Dungeon (3/15)

Altars:
Ashenzari
Qazlal
Ru
Xom

Annotations:
D:2 1 runed door


Message History

* * * LOW HITPOINT WARNING * * *
The crimson imp freezes you.
* * * LOW HITPOINT WARNING * * *
You bump into the rock wall.
You're too confused to move!
The crimson imp completely misses you.
You miss the crimson imp.
The crimson imp is lightly wounded.
* * * LOW HITPOINT WARNING * * *
You feel sick.
The crimson imp hits you but does no damage.
You hit the crimson imp.
The crimson imp is moderately wounded.
You hit the crimson imp.
The crimson imp is severely wounded.
The crimson imp hits you but does no damage.
You miss the crimson imp.
The crimson imp is severely wounded.
You feel less confused.
The crimson imp hits you with a dagger of chaos.
You die...

##### ...(####.....
#.#.### #.......†...
#^#.#.# ###.###.†.)..
#...#.#####.......#####
+._.'§......#####.# #
#...#§........# ..#
#.#.#§h.....#....##
#.#.##5####........
######@# #.####### #§#
..# # ### ..# . ### #


You could see a crimson imp and a jackal.

Vanquished Creatures
  A crimson imp (D:3)
  5 adders (D:2)
  A worm (D:2)
  2 dart slugs
  4 leopard geckos
  2 orcs
  A ball python (D:1)
  5 giant cockroaches (D:1)
  4 hobgoblins
  10 jackals
  8 kobolds
  A quokka (D:2)
  11 bats
  3 frilled lizards
  8 goblins
  3 rats
69 creatures vanquished.

Vanquished Creatures (others)
  A kobold (D:2)
1 creature vanquished.

Grand Total: 70 creatures vanquished

Notes
Turn   | Place    | Note
-------+----------+-------------------------------------------
     0 | D:1      | Mesmaeker13 the Hill Orc Monk began the quest for the Orb.
     0 | D:1      | Reached XP level 1. HP: 19/19 MP: 1/1
   790 | D:1      | Reached XP level 2. HP: 26/27 MP: 2/2
  1379 | D:1      | Reached XP level 3. HP: 22/33 MP: 3/3
  1901 | D:2      | Found a stormy altar of Qazlal.
  1943 | D:2      | Reached skill level 1 in Shields
  2465 | D:1      | Reached XP level 4. HP: 30/41 MP: 4/4
  2752 | D:2      | Found a faded altar of an unknown god.
  3557 | D:2      | Found a shattered altar of Ashenzari.
  3745 | D:2      | Reached XP level 5. HP: 47/47 MP: 5/5
  3828 | D:2      | Found a runed door.
  3857 | D:2      | Found a sacrificial altar of Ru.
  4079 | D:3      | Found a shimmering altar of Xom.
  4157 | D:3      | HP: 2/47 [crimson imp/dagger of chaos (2)]
  4163 | D:3      | Slain by a crimson imp

Skill      XL: |  1  2  3  4 |
---------------+-------------+-----
Fighting       | 4 |  4.7
Long Blades    | 4 |  4.8
Shields        | 1 2 |  2.4
Armour         | |  0.9
Dodging        | |  2.6
Stealth        | |  1.5

Action                   |  1- 3 |  4- 6 || total
-------------------------+-------+-------++-------
Melee: Falchion          |   122 |   203 ||   325
  Use: Potion            |     1 |     1 ||     2
       Scroll            |       |     5 ||     5
 Stab: Sleeping          |     2 |       ||     2
  Eat: Chunk             |     5 |     5 ||    10
Armor: Robe              |    25 |     2 ||    27
       Ring mail         |       |    69 ||    69
Dodge: Dodged            |    85 |   156 ||   241
Block: Buckler           |     8 |    43 ||    51
       Rpst.: Falchion   |    23 |    45 ||    68
